 Dungeon Crawl Stone Soup version 0.30-a0-702-gdf48620a09 (webtiles) character file.

Game seed: 9064771773936037681

770 Leeroy the Carver (level 7, -15/40 HPs)
             Began as a Tengu Warper on Jan 21, 2023.
             Demolished by Duvessa
             ... wielding a +0 short sword
              (16 damage)
             ... on level 5 of the Dungeon.
             The game lasted 00:06:35 (3265 turns).

Leeroy the Carver (Tengu Warper)                    Turns: 3265, Time: 00:06:35

Health: -15/40     AC:  8    Str: 11    XL:     7   Next: 82%
Magic:  17/20      EV: 20    Int: 14    God:
Gold:   137        SH:  0    Dex: 21    Spells: 2/10 levels left

rFire   . . .      SeeInvis .    a - +0 falchion
rCold   . . .      Faith    .    (no shield)
rNeg    . . .      Spirit   .    C - +5 robe of Misfortune {Harm *Corrode *Slow EV+5}
rPois   .          Reflect  .    (helmet restricted)
rElec   .          Harm     +    (no cloak)
rCorr   .          Rampage  .    A - +0 pair of gloves
Will    .....                    (boots unavailable)
Stlth   ++                       (no amulet)
HPRegen 0.26/turn                o - +6 ring of dexterity
MPRegen 0.17/turn                e - ring of magical power

@: on blink cooldown, flying quickly and evasively, slowed, very slow
A: beak, talons 3, nimble flight
a: no special abilities


You were on level 5 of the Dungeon.
You visited 1 branch of the dungeon, and saw 5 of its levels.

You collected 137 gold pieces.

Inventory:

Hand Weapons
 a - a +0 falchion (weapon)
 f - a +2 spear of freezing
 v - a +3 spectral club
 w - a +1 dagger of venom
 z - a +3 dagger
Missiles
 d - 2 boomerangs of dispersal
 h - 10 poisoned darts (quivered)
 y - 2 boomerangs
Armour
 b - a +0 leather armour
 A - a +0 pair of gloves (worn)
 C - the +5 robe of Misfortune (worn) {Harm *Corrode *Slow EV+5}
   (You found it on level 3 of the Dungeon)

   EV:        It affects your evasion (+5).
   *Corrode:  It may corrode you when you take damage.
   *Slow:     It may slow you when you take damage.
   Harm:      It increases damage dealt and taken.
Jewellery
 e - a ring of magical power (right hand)
 o - a +6 ring of dexterity (left hand)
Wands
 D - a wand of mindburst (8)
Scrolls
 c - 2 scrolls of blinking
 n - 2 scrolls of enchant armour {unknown}
 p - 5 scrolls of identify {unknown}
 r - 6 scrolls of teleportation {unknown}
 t - a scroll of immolation {unknown}
 u - a scroll of enchant weapon {unknown}
 x - 3 scrolls of fog {unknown}
 B - a scroll of vulnerability {unknown}
Potions
 g - a potion of heal wounds {unknown}
 i - 2 potions of haste {unknown}
 j - 2 potions of ambrosia {unknown}
 k - a potion of brilliance {unknown}
 l - a potion of flight
 m - 2 potions of mutation {unknown}
 q - a potion of magic {unknown}
 s - a potion of berserk rage {unknown}
 E - a potion of curing {unknown}
 F - a potion of lignification


   Skills:
 - Level 2.0 Fighting
 * Level 9.3 Long Blades
 - Level 1.0 Throwing
 - Level 1.1 Armour
 - Level 2.1 Dodging
 - Level 1.1 Stealth
 - Level 2.0 Spellcasting
 - Level 2.4 Translocations
 + Level 1.0 Air Magic


You had 2 spell levels left.
You knew the following spells:

 Your Spells              Type           Power      Damage    Failure   Level
a - Blink                 Tloc           16%        N/A       14%         2
b - Vhi's Electric Charg  Tloc/Air       12%        N/A       34%         3
c - Mephitic Cloud        Conj/Pois/Air  2%         N/A       52%         3

Your spell library contained the following spells:

 Spells                   Type           Power      Damage    Failure   Level
 Lesser Beckoning         Tloc           16%        N/A       14%         2
 Poisonous Vapours        Pois/Air       4%         N/A       28%         2
 Cigotuvi's Dreadful Rot  Necr/Pois/Air  4%         N/A       30%         2
 Teleport Other           Tloc           8%         N/A       26%         3
 Manifold Assault         Tloc           8%         N/A       65%         4


Dungeon Overview and Level Annotations

Branches:
Dungeon (5/15)
 Temple: D:4-7

Altars:

Shops:
D:5 [

Annotations:
D:5 Duvessa


Innate Abilities, Weirdness & Mutations

You have a beak for a mouth.
You have claws for feet.
Your magical nature lets you fly swiftly and evasively.


Message History

Duvessa is lightly wounded.
The giant cockroach completely misses you.
Duvessa hits you with a +0 short sword!
Your corrosive artefact corrodes you!
You hit Duvessa. You peck Duvessa, but do no damage.
Duvessa is lightly wounded.
Duvessa closely misses you.
The giant cockroach completely misses you.
Casting: Blink (safe; 14% risk of failure)
Confirm with . or Enter, or press ? or * to list all spells.
You blink.
Found 16 gold pieces.
Duvessa rages.
The giant cockroach attacks as you move away!
The giant cockroach bites you but does no damage.
Duvessa attacks as you move away! Duvessa closely misses you.
There is a stone staircase leading down here.
You feel stable enough to blink again. Duvessa closely misses you.
The giant cockroach barely misses you. Duvessa hits you with a +0 short sword.
You fly downwards.
There is a stone staircase leading up here.
Casting: Blink (safe; 14% risk of failure)
Confirm with . or Enter, or press ? or * to list all spells.
You blink.
An iguana comes into view.
You are no longer corroded.
You feel stable enough to blink again.
The iguana hisses angrily.
A scorpion comes into view.
You hear a shout!
Okay, then.
The iguana bites you!
* * * LOW HITPOINT WARNING * * *
You feel yourself slow down.
Casting: Blink (safe; 14% risk of failure)
Confirm with . or Enter, or press ? or * to list all spells.
You blink.
Duvessa rages.
Duvessa hits you with a +0 short sword!
* * * LOW HITPOINT WARNING * * *
Duvessa hits you with a +0 short sword!
You die...

#.....## #......#
#.sl...# #......#
#......#+##
#####+####+##.....#
.........# #.B...#
.........+ #..e..#
.........#+##...@.#
..............#####
#..........e.#
#....[.8.....#
#......<.....#
##..<.8.∩.8...#
..............#
..#+####8.....#
..#...........#


You could see Duvessa (berserk), a scorpion, an iguana and a giant cockroach.

Vanquished Creatures
  Grinder (D:3)
  Sigmund (D:4)
  An ogre (D:4)
  A scorpion (D:3)
  Dowan (D:4)
  A hound (D:5)
  Natasha (D:2)
  Robin (D:4)
  4 adders
  An ufetubus (D:5)
  2 worms (D:2)
  3 dart slugs
  4 orcs
  12 ball pythons
  10 bats
  5 endoplasms
  6 giant cockroaches
  17 goblins
  13 hobgoblins
  5 quokkas
  9 frilled lizards
  4 kobolds
  7 rats
110 creatures vanquished.

Notes
Turn   | Place    | Note
-------+----------+-------------------------------------------
     0 | D:1      | Leeroy the Tengu Warper began the quest for the Orb.
     0 | D:1      | Reached XP level 1. HP: 12/12 MP: 4/4
   192 | D:1      | Reached XP level 2. HP: 17/17 MP: 6/6
   217 | D:1      | Reached skill level 3 in Long Blades
   477 | D:1      | Reached XP level 3. HP: 14/21 MP: 7/7
   648 | D:2      | Reached skill level 4 in Long Blades
   648 | D:2      | Reached skill level 1 in Stealth
   820 | D:2      | Reached XP level 4. HP: 26/26 MP: 8/8
   851 | D:2      | You fall into a shaft and drop 2 floors!
   857 | D:4      | Noticed Sigmund
   876 | D:4      | Killed Sigmund
   877 | D:4      | Reached skill level 6 in Long Blades
   877 | D:4      | Gained mutation: Your magical nature lets you fly swiftly
                  | and evasively. [Tengu growth]
   877 | D:4      | Reached XP level 5. HP: 26/30 MP: 9/9
   877 | D:4      | Reached XP level 6. HP: 30/35 MP: 10/10
   991 | D:4      | Noticed Dowan
   994 | D:5      | Entered Level 5 of the Dungeon
   994 | D:5      | Found Xeluadoh's Antique Armour Boutique.
  1300 | D:4      | Noticed Duvessa
  1328 | D:3      | Noticed Grinder
  1330 | D:3      | Paralysed by Grinder for 3 turns
  1340 | D:3      | Reached skill level 7 in Long Blades
  1345 | D:4      | HP: 1/35 [poisoned by a scorpion]
  1716 | D:4      | Learned a level 2 spell: Blink
  1720 | D:4      | Learned a level 3 spell: Vhi's Electric Charge
  1724 | D:4      | Learned a level 3 spell: Mephitic Cloud
  1741 | D:3      | Killed Grinder
  1742 | D:3      | Reached skill level 8 in Long Blades
  1742 | D:3      | Reached XP level 7. HP: 9/40 MP: 11/11
  1934 | D:3      | Noticed Robin
  1953 | D:4      | Killed Robin
  1954 | D:4      | Reached skill level 1 in Air Magic
  2602 | D:3      | Found the +5 robe of Misfortune {Harm *Corrode *Slow EV+5}
  2783 | D:2      | Noticed Natasha
  2791 | D:2      | Killed Natasha
  2792 | D:2      | Reached skill level 9 in Long Blades
  3243 | D:4      | Killed Dowan
  3265 | D:5      | HP: 1/40 [Duvessa/+0 short sword (9)]
  3265 | D:5      | Demolished by Duvessa

Illustrated notes

Levels and vault maps discovered:
D:1:      dpeg_arrival_boxes_within_box, layout_basic, minmay_fountain_box,
          minmay_misc_feat_alley
D:2:      layout_basic, kennysheep_potato, uniq_natasha
D:3:      layout_rooms, minmay_misc_feat_secret_circle,
          minmay_fractal_squares_5, uniq_grinder, uniq_robin
D:4:      layout_basic, uniq_sigmund, uniq_crazy_yiuf_cottage, uniq_duvessa
D:5:      layout_gridville, kiku_gazebo_pond_becter, serial_shops,
          nicolae_shop_statue_plus, minmay_misc_feat_rows, nicolae_grassy_gnolls

Skill      XL: |  1  2  3  4  5  6  7 |
---------------+----------------------+-----
Long Blades    | 3 4 6 8 9 |  9.3
Stealth        | 1 |  1.1
Air Magic      | 1 |  1.0
Fighting       | |  2.0
Throwing       | |  1.0
Armour         | |  1.1
Dodging        | |  2.1
Spellcasting   | |  2.0
Translocations | |  2.4

Action                   |  1- 3 |  4- 6 |  7- 9 || total
-------------------------+-------+-------+-------++-------
Melee: Spear             |    72 |    32 |       ||   104
       Kick              |    12 |    14 |    31 ||    57
       Peck              |     3 |     8 |    20 ||    31
       Falchion          |       |    29 |   105 ||   134
       Punch             |       |       |     1 ||     1
Throw: Dart              |       |     5 |       ||     5
       Boomerang         |       |     5 |       ||     5
 Cast: Blink             |       |       |     4 ||     4
  Use: Potion            |       |     2 |       ||     2
       Scroll            |       |     1 |       ||     1
 Stab: Sleeping          |     2 |       |     3 ||     5
Armor: Leather armour    |    11 |     4 |    16 ||    31
       Skin              |       |     8 |       ||     8
       Robe              |       |       |     7 ||     7
Dodge: Dodged            |    14 |    26 |    88 ||   128

Table legend: (Time is in decaauts)
 A = Elapsed time spent in this place.
 B = Non-inter-level travel time spent in this place.
 C = Inter-level travel time spent in this place.
 D = Time resting spent in this place.
 E = Time spent auto-exploring this place.
 F = Levels seen in this place.
 G = Mean time per level.
                   A        B        C        D        E       F      G
               +--------+--------+--------+--------+--------+-----+--------+
         Total |   3158 |   3085 |     73 |    694 |   1651 |   5 |  631.6 |
       Dungeon |   3158 |   3085 |     73 |    694 |   1651 |   5 |  631.6 |
               +--------+--------+--------+--------+--------+-----+--------+

Top non-repeatable levels by time:
     D:4: 1193 daAuts
     D:1: 632 daAuts
     D:3: 629 daAuts
     D:2: 596 daAuts
     D:5: 107 daAuts
